Description

Copy from https://terrancraft.com/2019/08/06/builds-for-beginners-and-intermediate-players/

Replay - Intermediate

Build Order

Get SALT Encoding   

  12  0:01  SCV  
  13  0:13  SCV  
  14  0:17  Supply Depot  
  14  0:25  SCV  
  15  0:38  SCV  
  15  0:39  Barracks  
  16  0:44  Refinery  
  16  0:51  SCV  
  17  1:03  SCV  
  18  1:15  SCV  
  19  1:27  Orbital Command  
  19  1:28  Reaper  
  20  1:40  Command Center  
  20  1:51  Supply Depot  
  20  1:52  SCV  
  21  2:00  Marine  
  22  2:05  SCV  
  23  2:12  Factory  
  23  2:17  SCV, Bunker  
  23  2:22  Barracks Reactor  
  24  2:26  Refinery  
  26  2:54  Orbital Command  
  26  2:58  Starport  
  27  3:00  Marine x2  
  27  3:01  Factory Tech Lab  
  31  3:21  Marine x2  
  31  3:22  Cyclone  
  39  3:35  Barracks, Viking  
  41  3:42  Supply Depot  
  41  3:44  Marine x2  
  44  3:51  Supply Depot  
  45  4:07  Factory Tech Lab  
  45  4:09  Starport Reactor  
  45  4:10  Barracks  
  45  4:13  Supply Depot  
  45  4:16  Marine x2  
  49  4:30  Siege Tank, Engineering Bay  
  54  4:31  Stimpack  
  54  4:32  Marine  
  54  4:36  Refinery  
  59  4:52  Starport Reactor  
  64  5:05  Terran Infantry Weapons Level 1  
  68  5:17  Siege Tank  
  78  5:38  Medivac x2  
  87  5:53  Siege Tank  
  99  6:14  Refinery  
  99  6:23  Medivac x2  
  111  6:49  Siege Tank  
  111  6:52  Command Center  
Spawning Tool Build Advisor. Get it on Overwolf

Go to:

Details

  • Created by: shmik
  • Published on: May 30, 2020
  • Modified on: May 30, 2020
  • Patch: 4.11.0
  • Difficulty: Easy
Show
View Real Time Build Order
Export as new Build Order

Comments (0)

There are no comments. Be the first!

Create an account to comment!